 Dungeon Sprint DCSS version 0.30-a0-760-g5a9884bb7c (webtiles) character file.

Game seed: 679835673388710206

1215 sircluck the Blocker (level 8, -3/74 HPs)
             Began as a Formicid Fighter on Feb 10, 2023.
             Slain by a demonic crawler (6 damage)
             ... in the Dungeon (Sprint I: "Red Sonja").
             The game lasted 00:01:35 (270 turns).

sircluck the Blocker (Formicid Fighter)              Turns: 270, Time: 00:01:36

Health: -3/74      AC:  8    Str: 23    XL:     8   Next: 75%
Magic:  8/8        EV: 10    Int:  8    God:
Gold:   463        SH:  7    Dex: 13    Spells: 7/7 levels left

rFire   . . .      SeeInvis +    a - +0 trident
rCold   . . .      Faith    .    c - +0 buckler
rNeg    . . .      Spirit   .    b - +0 scale mail
rPois   .          Reflect  .    (helmet unavailable)
rElec   .          Harm     .    (no cloak)
rCorr   .          Rampage  .    (no gloves)
Will    .....                    (no boots) Stlth
                                 (no amulet)
HPRegen 0.32/turn                (no ring)
MPRegen 0.11/turn                (no ring)

@: no status effects
A: permanent stasis, dig shafts and tunnels, antennae 3, four strong arms
a: Dig


You were in the Dungeon.
You visited 1 branch You collected 463 gold pieces.

Inventory:

Hand Weapons
 a - a +0 trident (weapon)
Armour
 b - a +0 scale mail (worn)
 c - a +0 buckler (worn)
Wands
 d - a wand of roots (3)
 f - a wand of flame (10)
Scrolls
 j - a scroll of blinking
Potions
 e - 2 potions of curing
 g - a potion of haste
 h - 2 potions of magic
 i - a potion of berserk rage


   Skills:
 + Level 10.8 Fighting
 + Level 9.7 Polearms
 + Level 10.4 Armour
 + Level 1.0 Dodging
 + Level 11.9 Shields


You had 7 spell levels left.
You didn't know any spells.
Your spell library was empty.

Dungeon Overview and Level Annotations

Branches:
Dungeon (1/1)

Altars:
Cheibriados
Dithmenos
Elyvilon
Fedhas
Gozag
Hepliaklqana
Kikubaaqudgha
Makhleb
Nemelex Xobeh
Okawaru
Qazlal
Ru
Sif Muna
Trog
Uskayaw
Vehumet
Wu Jian
Xom
Yredelemnul
Zin
The Shining One
Jiyva
Lugonu

Shops:
D !


Innate Abilities, Weirdness & Mutations

You cannot be hasted, slowed, berserked, paralysed or teleported.
You can dig through walls and to a lower floor.
You have a pair of large antennae on your head. (SInv)
Your four strong arms can wield two-handed weapons with a shield.


Message History

You puncture the kobold demonologist!
You kill the kobold demonologist!
The chaos spawn degenerates into a cloud of primal chaos!
The white imp disappears in a puff of smoke! x2
The iron imp disappears in a puff of smoke!
Your Dodging skill increases to level 1!
There is a broken door, spattered with blood here.
Things that are here:
a +0 dagger; a +0 robe
There is a broken door, spattered with blood here.
Things that are here:
a +0 dagger; a +0 robe You now have 463 gold pieces (gained 27).
There is a broken door, spattered with blood here.
Things that are here:
a +0 dagger; a +0 robe You open the door. 4 demonic crawlers come into view.
The demonic crawler gives a hideous shriek! x2
Aiming: Throw Flame
Press: ? - help, Q - select action, (/) - cycle Shift-Dir - straight line, f - demonic crawler
Aim: a demonic crawler (85% to hit)
The puff of flame hits the demonic crawler.
The demonic crawler is lightly wounded.
The demonic crawler hits you! The demonic crawler hits you.
The demonic crawler hits you but does no damage.
You block the demonic crawler's attack. The demonic crawler hits you!
The demonic crawler closely misses you. You block the demonic crawler's attack.
The demonic crawler hits you but does no damage. x2
The demonic crawler attacks as you move away!
The demonic crawler hits you!
* * * LOW HITPOINT WARNING * * *
The demonic crawler hits you!
* * * LOW HITPOINT WARNING * * *
The demonic crawler hits you!
* * * LOW HITPOINT WARNING * * *
The demonic crawler attacks as you move away!
The demonic crawler hits you.
You die...

###################
..#.)'..#__#..)...#
..)..#..'..'.)#.@s##+#
#'#####'#__####..ss..#
..#...#[#### #####s.+
###..##.# { ##
__##'#_.+ { ...'..._#
{ __##_.#'# {
__###+#.# { ### ###


You could see 4 demonic crawlers.

Vanquished Creatures
  2 kobold demonologists (D)
  Sigmund (D)
  A slime creature (D)
  A yak (D)
  A floating eye (D)
  An ogre (D)
  A jelly (D)
  Ijyb (D)
9 creatures vanquished.

Notes
Turn   | Place    | Note
-------+----------+-------------------------------------------
     0 | D        | sircluck the Formicid Fighter began the quest for the Orb.
     0 | D        | Reached XP level 1. HP: 18/18 MP: 1/1
     7 | D        | Found a basalt altar of Yredelemnul.
     7 | D        | Found a hide-covered altar of Uskayaw.
     7 | D        | Found a hazy altar of Hepliaklqana.
     7 | D        | Found a shadowy altar of Dithmenos.
     7 | D        | Found an ancient bone altar of Kikubaaqudgha.
     7 | D        | Found a sacrificial altar of Ru.
     7 | D        | Found a snail-covered altar of Cheibriados.
     7 | D        | Found Jotuug's Distillery.
     7 | D        | Found an opulent altar of Gozag.
     7 | D        | Found a sparkling altar of Nemelex Xobeh.
     7 | D        | Found a glowing golden altar of the Shining One.
     7 | D        | Found an iron altar of Okawaru.
     7 | D        | Found a bloodstained altar of Trog.
     7 | D        | Found a blossoming altar of Fedhas.
     7 | D        | Found a stormy altar of Qazlal.
     7 | D        | Found a white marble altar of Elyvilon.
     7 | D        | Found a glowing silver altar of Zin.
     7 | D        | Noticed a yak
    14 | D        | Killed a yak
    15 | D        | Reached skill level 7 in Shields
    15 | D        | Reached XP level 2. HP: 28/29 MP: 2/2
    15 | D        | Reached XP level 3. HP: 34/35 MP: 3/3
    15 | D        | Reached XP level 4. HP: 39/41 MP: 4/4
    15 | D        | Reached XP level 5. HP: 45/47 MP: 5/5
    32 | D        | Found a shimmering blue altar of Sif Muna.
    32 | D        | Found a radiant altar of Vehumet.
    32 | D        | Found an ornate altar of the Wu Jian Council.
    35 | D        | Reached skill level 8 in Shields
    81 | D        | Noticed Sigmund
    92 | D        | Killed Sigmund
    93 | D        | Reached skill level 5 in Polearms
    93 | D        | Reached skill level 9 in Shields
    93 | D        | Reached XP level 6. HP: 43/57 MP: 6/6
    97 | D        | Noticed an ogre
   105 | D        | Killed an ogre
   106 | D        | Reached skill level 10 in Shields
   106 | D        | Reached XP level 7. HP: 43/64 MP: 7/7
   176 | D        | Noticed Ijyb
   181 | D        | Killed Ijyb
   192 | D        | Found a burning altar of Makhleb.
   192 | D        | Found a viscous altar of Jiyva.
   192 | D        | Found a shimmering altar of Xom.
   192 | D        | Found a corrupted altar of Lugonu.
   192 | D        | Noticed a slime creature
   201 | D        | Killed a slime creature
   212 | D        | Noticed a kobold demonologist
   212 | D        | Noticed a kobold demonologist
   221 | D        | Reached skill level 11 in Shields
   238 | D        | Noticed a red devil
   239 | D        | Noticed a red devil
   240 | D        | Killed a kobold demonologist
   241 | D        | Reached skill level 10 in Fighting
   241 | D        | Reached skill level 10 in Armour
   241 | D        | Reached XP level 8. HP: 59/73 MP: 8/8
   249 | D        | Killed a kobold demonologist
   250 | D        | Reached skill level 1 in Dodging
   267 | D        | Noticed a demonic crawler
   267 | D        | Noticed a demonic crawler
   267 | D        | Noticed a demonic crawler
   267 | D        | Noticed a demonic crawler
   270 | D        | HP: 3/74 [demonic crawler (7)]
   270 | D        | Slain by a demonic crawler

Illustrated notes

Levels and vault maps discovered:
D:        dungeon_sprint_1 [red_sonja_temple_1, red_sonja_temple_small_1]

Skill      XL: |  1  2  3  4  5  6  7  8 |
---------------+-------------------------+-----
Fighting       | 6 8 9 10 | 10.8
Polearms       | 3 5 6 9 |  9.7
Armour         | 6 8 10 | 10.4
Shields        | 7 9 10 11 | 11.9
Dodging        | 1 |  1.0

Action                     |  1- 3 |  4- 6 |  7- 9 || total
---------------------------+-------+-------+-------++-------
  Melee: Trident           |     3 |    19 |    47 ||    69
Ability: Dig               |     1 |       |       ||     1
  Evoke: Wand              |       |       |     1 ||     1
    Use: Potion            |     2 |       |       ||     2
 Armour: Scale mail        |       |     2 |    32 ||    34
  Dodge: Dodged            |     1 |     7 |    13 ||    21
  Block: Buckler           |       |     1 |    17 ||    18

Table legend: (Time is in decaauts)
 A = Elapsed time spent in this place.
 B = Non-inter-level travel time spent in this place.
 C = Inter-level travel time spent in this place.
 D = Time resting spent in this place.
 E = Time spent auto-exploring this place.
 F = Levels seen in this place.
 G = Mean time per level.
                   A        B        C        D        E       F      G
               +--------+--------+--------+--------+--------+-----+--------+
         Total |    270 |    270 |      0 |     57 |     25 |   1 |  270.0 |
       Dungeon |    270 |    270 |      0 |     57 |     25 |   1 |  270.0 |
               +--------+--------+--------+--------+--------+-----+--------+

Top non-repeatable levels by time:
       D: 270 daAuts
